 Dungeon Crawl Stone Soup version 0.19-a0-1166-g02d67b9 (webtiles) character file.

301 Gagarin the Conjurer (level 6, -5/47 HPs)
             Began as a Draconian Conjurer on Aug 14, 2016.
             Slain by a small abomination (7 damage)
             ... on level 1 of the Abyss.
             The game lasted 00:09:25 (3736 turns).

Gagarin the Conjurer (Draconian Conjurer)           Turns: 3736, Time: 00:09:26

Health: -5/47      AC:  6    Str: 10    XL:     6   Next: 14%
Magic:  0/10       EV: 13    Int: 17    God:
Gold:   128        SH:  0    Dex: 12    Spells: 3 memorised, 5 levels left

rFire  . . .     SeeInvis .     m - +0 falchion
rCold  . . .     Gourm    .     (armour unavailable)
rNeg   . . .     Faith    .     (no shield)
rPois  .         Spirit   .     (helmet restricted)
rElec  .         Dismiss  .     (no cloak)
rCorr  .         Reflect  .     (no gloves)
MR     .....     Harm     .     (no boots)
Stlth  ++........               (no amulet)
                                (no ring)
                                (no ring)

@: no status effects
A: unfitting armour, cold-blooded, AC +6
a: no special abilities


You were on level 1 of the Abyss.
You were not hungry.

You visited 1 branch of the dungeon, and saw 3 of its levels.
You visited the Abyss 1 time.

You collected 128 gold pieces.

Inventory:

Hand Weapons
 m - a +0 falchion (weapon)
Wands
 g - a wand of polymorph (8/24)
Scrolls
 f - 2 scrolls of identify {unknown}
 i - a scroll of teleportation {unknown}
 l - a scroll of noise {unknown}
 o - a scroll of enchant armour {unknown}
 p - a scroll of remove curse {unknown}
 q - a scroll of random uselessness {unknown}
 r - a scroll of recharging {unknown}
Potions
 d - a potion of heal wounds {unknown}
 e - a potion of degeneration {unknown}
 h - 2 potions of curing
 j - 2 potions of flight {unknown}
 k - a potion of brilliance {unknown}
Books
 a - a book of Conjurations

   Spells                             Type                      Level
   a - Magic Dart                     Conjuration                  1
   b - Searing Ray                    Conjuration                  2
   c - Dazzling Spray                 Conjuration/Hexes            3
   d - Fulminant Prism                Conjuration/Hexes            4
   e - Iskenderun's Mystic Blast      Conjuration                  4
   f - Iskenderun's Battlesphere      Conjuration/Charms           5
Comestibles
 b - 2 bread rations
 c - a slice of pizza
 n - 4 chunks of flesh


   Skills:
 + Level 1.0 Fighting
 + Level 0.4 Long Blades
 + Level 3.7 Dodging
 + Level 2.3 Stealth
 + Level 3.2 Spellcasting
 + Level 5.3 Conjurations


You had 5 spell levels left.
You knew the following spells:

 Your Spells              Type           Power        Failure   Level  Hunger
a - Magic Dart            Conj           ###.         1%          1    None
b - Searing Ray           Conj           ###...       2%          2    ##.....
c - Dazzling Spray        Conj/Hex       ##....       21%         3    ###....


Dungeon Overview and Level Annotations

Branches:
Dungeon (3/15)

Altars:


Innate Abilities, Weirdness & Mutations

Your plain brown scales are hard. (AC +6)
Your body does not fit into most forms of armour.
You are cold-blooded and may be slowed by cold attacks.


Message History

The small abomination barely misses you.
You riposte.
You hit the small abomination but do no damage.
The small abomination is severely damaged.
The searing ray misses the small abomination.
The small abomination hits you!
* * * LOW HITPOINT WARNING * * *
The searing ray hits the small abomination.
The small abomination is almost destroyed.
You finish channeling your searing ray.
The small abomination hits you!
* * * LOW HITPOINT WARNING * * *
Casting: Searing Ray
Confirm with . or Enter, or press ? or * to list all spells.
Aiming: Magic Dart
Press: ? - help, Shift-Dir - straight line, f/p - small abomination
Aim: a small abomination (almost destroyed)
The magic dart hits the small abomination.
The small abomination is almost destroyed.
The small abomination hits you!
You die...

#.# #.#
#.# #.#
#.# #.#
#.# #x#
#@#
#...#
≈##....
≈≈
......
≈{≈
.....
≈♣≈≈
.....
≈≈≈≈≈
....
≈#≈≈≈≈
....


You could see a small abomination.

Vanquished Creatures
  An orc wizard (D:3)
  Ijyb (D:2)
  Terence (D:2)
  Natasha (thrice) (D:2)
  6 adders
  An ooze (D:1)
  3 worms
  2 dart slugs (D:1)
  A giant gecko (D:1)
  4 orcs (D:3)
  A ball python (D:1)
  3 giant cockroaches
  12 goblins
  9 hobgoblins
  6 jackals (D:1)
  A quokka (D:2)
  4 bats
  2 giant newts
  9 kobolds
  6 rats
76 creatures vanquished.

Notes
Turn   | Place    | Note
-------+----------+-------------------------------------------
     0 | D:1      | Gagarin the Draconian Conjurer began the quest for the Orb.
     0 | D:1      | Reached XP level 1. HP: 14/14 MP: 3/3
   618 | D:1      | Reached XP level 2. HP: 16/20 MP: 1/5
   672 | D:1      | Learned a level 2 spell: Searing Ray
  1034 | D:1      | Reached XP level 3. HP: 21/26 MP: 2/6
  1688 | D:2      | Noticed Natasha
  1705 | D:2      | Killed Natasha
  1705 | D:2      | Reached XP level 4. HP: 13/34 MP: 0/7
  1899 | D:2      | Noticed Natasha
  1910 | D:2      | Killed Natasha
  1910 | D:2      | Reached skill level 5 in Conjurations
  2183 | D:2      | Noticed Ijyb
  2196 | D:2      | Killed Ijyb
  2232 | D:2      | Reached skill level 1 in Fighting
  2428 | D:2      | Reached XP level 5. HP: 38/40 MP: 2/8
  2436 | D:2      | Learned a level 3 spell: Dazzling Spray
  2981 | D:2      | Noticed Natasha
  2990 | D:2      | Killed Natasha
  3064 | D:2      | Noticed Terence
  3150 | D:2      | Killed Terence
  3442 | D:3      | Reached XP level 6. HP: 33/47 MP: 4/10
  3719 | D:3      | Cast into level 1 of the Abyss (kobold)
  3735 | Abyss:1  | HP: 2/47 [small abomination (9)]
  3736 | Abyss:1  | Slain by a small abomination

Vault maps used:
D:1:      roderic_octagonal_star
D:2:      first_bread, uniq_terence, uniq_iyjb, uniq_natasha
D:3:      minmay_cupped

Skill      XL: |  1  2  3  4  5 |
---------------+----------------+-----
Stealth        | 2 |  2.3
Dodging        | 2 3 |  3.7
Conjurations   | 5 |  5.3
Fighting       | 1 |  1.0
Spellcasting   | 3 |  3.2
Long Blades    | |  0.4

Action                   |  1- 3 |  4- 6 || total
-------------------------+-------+-------++-------
Melee: Club              |    60 |    29 ||    89
       Unarmed           |     4 |       ||     4
       Tailslap          |     2 |     5 ||     7
       Falchion          |       |    70 ||    70
 Cast: Magic Dart        |    52 |    49 ||   101
       Searing Ray       |     1 |    12 ||    13
 Stab: Sleeping          |       |     1 ||     1
  Eat: Chunk             |     3 |     8 ||    11
Armor: Skin              |    24 |    25 ||    49
Dodge: Dodged            |    56 |    75 ||   131
